 Dungeon Crawl Stone Soup version 0.28.0 (webtiles) character file.

Game seed: 5661038835117846334

58 porkupine the Slasher (level 3, 0/30 HPs)
             Began as a Draconian Wanderer on Feb 17, 2022.
             Slain by Sigmund (9 damage)
             ... on level 2 of the Dungeon.
             The game lasted 00:04:24 (2408 turns).

porkupine the Slasher (Draconian Wanderer)          Turns: 2408, Time: 00:04:25

Health: 0/30       AC:  6    Str: 13 (14) XL:     3   Next: 76%
Magic:  5/5        EV: 11    Int: 18 (19) God:
Gold:   62         SH:  0    Dex:  8 (11) Spells: 1/5 levels left

rFire   . . .      SeeInvis .   a - +1 long sword
rCold   . . .      Faith    .   (no shield)
rNeg    . . .      Spirit   .   (armour unavailable)
rPois   .          Reflect  .   (helmet restricted)
rElec   .          Harm     .   (no cloak)
rCorr   .          Rampage  .   g - +0 pair of gloves
Will    .....                   (no boots)
Stlth   +.........              (no amulet)
HPRegen 0.10/turn               c - +6 ring of intelligence
MPRegen 0.09/turn               (no ring)

@: confused, flying
A: AC +5, unfitting armour, cold-blooded
a: no special abilities


You were on level 2 of the Dungeon.
You visited 1 branch of the dungeon, and saw 2 of its levels.

You collected 62 gold pieces.

Inventory:

Hand Weapons
 a - a +1 long sword (weapon)
Armour
 g - a +0 pair of gloves (worn)
Jewellery
 c - a +6 ring of intelligence (left hand)
Scrolls
 d - a scroll of identify {unknown}
Potions
 e - a potion of degeneration


   Skills:
 + Level 2.7 Fighting
 + Level 5.2 Long Blades
 + Level 1.7 Dodging
 + Level 1.6 Spellcasting
 + Level 1.7 Conjurations
 + Level 0.4 Fire Magic


You had one spell level left.
You knew the following spells:

 Your Spells              Type           Power      Damage    Failure   Level
a - Magic Dart            Conj           28%        1d4       9%          1
b - Conjure Flame         Conj/Fire      5%         6-21      34%         3

Your spell library contained the following spells:

 Spells                   Type           Power      Damage    Failure   Level


Dungeon Overview and Level Annotations

Branches:
Dungeon (2/15)

Altars:

Shops:
D:2 [

Annotations:
D:2 Sigmund


Innate Abilities, Weirdness & Mutations

Your plain brown scales are hard. (AC +5)
You cannot fit into any form of body armour.
You are cold-blooded and may be slowed by cold attacks.


Message History

Press: ? - help, Shift-Dir - straight line, f - Sigmund
Aim: Sigmund, wielding a +4 scythe of protection and wearing a +0 robe (100% to hit)
The magic dart hits Sigmund.
Sigmund is lightly wounded.
Sigmund casts a spell.
Sigmund flickers and vanishes!
Deactivating autopickup; reactivate with Ctrl-A.
Casting: Magic Dart (safe; 9% risk of failure)
Confirm with . or Enter, or press ? or * to list all spells.
Aiming: Magic Dart (safe; 9% risk of failure)
Press: ? - help, Shift-Dir - straight line, f - quokka
Aim: a quokka (100% to hit)
The magic dart hits something but does no damage.
You hear some strange, mumbled words.
You are confused.
You're too confused to cast spells.
You bump into the rock wall.
Something barely misses you.
You miss something.
You feel less confused.
You closely miss something. Something hits you.
You closely miss something. Something hits you.
It was a potion of degeneration.
There was something very wrong with that liquid.
You feel weakened.
You feel dopey.
You feel clumsy. Something barely misses you.
You closely miss something. You slash something!
Something hits you but does no damage.
It was a potion of magic.
Magic courses through your body. Something hits you.
You closely miss something.
You hear some strange, mumbled words.
You are confused.
You bump into the rock wall.
Something hits you.
You barely miss something.
You bump into the rock wall.
Something hits you!
* * * LOW HITPOINT WARNING * * *
It was a potion of flight.
You feel very buoyant.
You fly up into the air.
Something hits you!
You die...

....#
#####.....#
#...{....$#
#.###......
#.# ..... #g#
.g.. #r# ...
#{# .. #@# .
#.# #.# #.#
#.# #.# #.# .
#.#######+####
#............#


You could see a quokka and a hobgoblin.

Vanquished Creatures
  An adder (D:2)
  A dart slug (D:1)
  5 endoplasms
  A giant cockroach (D:1)
  4 goblins (D:1)
  7 hobgoblins
  7 jackals
  5 ball pythons
  A bat (D:1)
  A frilled lizard (D:1)
  5 kobolds
  5 rats
43 creatures vanquished.

Notes
Turn   | Place    | Note
-------+----------+-------------------------------------------
     0 | D:1      | porkupine the Draconian Wanderer began the quest for the
                  | Orb.
     0 | D:1      | porkupine set off with the following items: a +1 long
                  | sword; and the following spell memorised: Magic Dart; and
                  | the following spells available to memorise: Conjure Flame
     0 | D:1      | Reached XP level 1. HP: 17/17 MP: 2/2
   406 | D:1      | Reached XP level 2. HP: 25/25 MP: 1/3
   766 | D:1      | Found Yler's Antique Armour Emporium.
  1105 | D:1      | Reached XP level 3. HP: 30/30 MP: 2/5
  1109 | D:1      | Learned a level 3 spell: Conjure Flame
  1801 | D:2      | Found Kywukicw's Armour Boutique.
  2384 | D:2      | Noticed Sigmund
  2408 | D:2      | Slain by Sigmund

Illustrated notes

Levels and vault maps discovered:
D:1:      lightli_arrival_flooded_house, layout_basic, serial_shops,
          nicolae_shop_statue_plus, minmay_strange_pillars, minivault_27,
          minmay_pentomino_r2
D:2:      layout_basic, basic_altar, serial_shops, shop, uniq_sigmund

Action                   || total
-------------------------++-------
Melee: Long sword        ||    53
       Tailslap          ||     3
 Cast: Magic Dart        ||    83
  Use: Potion            ||     3
Armor: Skin              ||    21
Dodge: Dodged            ||    31
